 Dungeon Crawl Stone Soup version 0.24-a0-115-gd155597 (webtiles) character file.

Game seed: 13259879009328736221

96 mhoghedin the Skirmisher (level 4, -3/30 HPs)
             Began as a Kobold Summoner on Feb 17, 2019.
             Killed from afar by an orc wizard (5 damage)
             ... with a magic dart
             ... on level 3 of the Dungeon.
             The game lasted 00:03:46 (2154 turns).

mhoghedin the Skirmisher (Kobold Summoner)          Turns: 2154, Time: 00:03:47

Health: -3/30      AC:  2    Str:  5    XL:     4   Next: 98%
Magic:  7/7        EV: 15    Int: 17    God:
Gold:   96         SH:  0    Dex: 15    Spells: 4/7 levels left

rFire    . . .     SeeInvis .   b - +1 hand axe (elec)
rCold    . . .     Gourm    .   (shield restricted)
rNeg     . . .     Faith    .   a - +0 robe
rPois    .         Spirit   .   (no helmet)
rElec    .         Reflect  .   (no cloak)
rCorr    .         Harm     .   (no gloves)
MR       .....                  (no boots)
Stlth    ++........             f - amulet of regeneration {+regen, !d}
HPRegen  0.50/turn              (no ring)
MPRegen  0.10/turn              (no ring)

@: flying, lightly drained
A: small, carnivore
a: no special abilities


You were on level 3 of the Dungeon.
You were full.

You visited 1 branch of the dungeon, and saw 3 of its levels.

You collected 96 gold pieces.

Inventory:

Hand Weapons
 b - a +1 hand axe of electrocution (weapon)
   (You found it on level 1 of the Dungeon)
Armour
 a - a +0 robe (worn)
 o - a +0 pair of gloves
   (You found it on level 2 of the Dungeon)
Jewellery
 f - an amulet of regeneration (around neck) {+regen, !d}
   (You found it on level 1 of the Dungeon)
Wands
 q - a wand of polymorph (7)
   (You found it on level 3 of the Dungeon)
Scrolls
 d - 2 scrolls of identify {unknown}
 h - a scroll of magic mapping {unknown}
 l - a scroll of fear {unknown}
 m - a scroll of teleportation {unknown}
 n - a scroll of enchant armour {unknown}
 p - 2 scrolls of enchant weapon {unknown}
Potions
 e - 2 potions of flight
 g - 3 potions of curing {unknown}
 i - a potion of degeneration {unknown}
 j - a potion of heal wounds {unknown}
 k - a potion of magic {unknown}
Comestibles
 c - 2 rations


   Skills:
 + Level 4.3(3.8) Fighting
 + Level 0.5(0.1) Axes
 - Level 2.4(1.9) Dodging
 - Level 2.6(2.1) Stealth
 - Level 2.1(1.6) Spellcasting
 - Level 4.0(3.4) Summonings


You had 4 spell levels left.
You knew the following spells:

 Your Spells              Type           Power        Failure   Level  Hunger
a - Summon Small Mammal   Summ           ##..         4%          1    ##.....
c - Call Imp              Summ           ##......     8%          2    ###....

Your spell library contained the following spells:

 Spells                   Type           Power        Failure   Level  Hunger
 Call Canine Familiar     Summ           ##......     14%         3    ####...
 Animate Skeleton         Necr           N/A          21%         1    ##.....
 Apportation              Tloc           #.....       21%         1    ##.....
 Confusing Touch          Hex            #.....       21%         1    ##.....
 Summon Guardian Golem    Hex/Summ       #.......     30%         3    ####...
 Summon Ice Beast         Ice/Summ       #.......     69%         4    #####..
 Summon Lightning Spire   Summ/Air       #.......     69%         4    #####..


Dungeon Overview and Level Annotations

Branches:
Dungeon (3/15)

Altars:
Fedhas
Xom


Innate Abilities, Weirdness & Mutations

You are small and have problems with some larger weapons.
You are carnivorous and can eat meat at any time.


Message History

You kill the rat!
No target in view!
You see here a rat corpse.
Found a stone staircase leading up.
q - a wand of polymorph (7) No target in view!
A goblin comes into view. It is wielding a +0 dagger.
You see here 14 gold pieces.
A goblin is nearby!
A goblin is nearby!
The helpless goblin fails to defend itself.
You hit the goblin. The goblin closely misses you.
You hit the goblin.
You kill the goblin!
No target in view!
No target in view!
No target in view!
No target in view!
No target in view!
No target in view!
No target in view!
No target in view!
No target in view!
You now have 96 gold pieces (gained 14).
A frilled lizard comes into view.
A frilled lizard is nearby!
An orc comes into view. It is wielding a +0 hand axe.
An orc comes into view. It is wielding a +0 dagger.
An orc wizard comes into view. It is wielding a +0 dagger.
The helpless frilled lizard fails to defend itself.
You hit the frilled lizard.
You kill the frilled lizard!
You barely miss the orc. The orc hits you but does no damage.
You hit the orc but do no damage.
The orc wizard shouts!
The orc shouts!
The orc hits you with a +0 hand axe.
You take 1 damage, and have 29/30 hp.
You barely miss the orc. The orc completely misses you.
The orc hits you with a +0 hand axe.
You hit the orc but do no damage. The orc closely misses you.
Health restored: 30 You hit the orc.
Lightning courses through the orc!!
You kill the orc!
The orc wizard casts a spell at you. The puff of flame hits you!
The orc wizard hits you with a +0 dagger.
You see here a +0 hand axe.
You hit the orc wizard but do no damage.
Lightning courses through the orc wizard!
The orc wizard casts a spell.
The orc wizard seems to speed up.
The orc wizard hits you with a +0 dagger.
You take 11 damage, and have 19/30 hp.
MASSIVE DAMAGE!!
You closely miss the orc wizard.
The orc wizard hits you with a +0 dagger. x2
You take 4 damage, and have 15/30 hp.
You closely miss the orc wizard.
The orc wizard hits you but does no damage.
The orc wizard barely misses you.
You barely miss the orc wizard. The orc wizard closely misses you.
The orc wizard points at you and mumbles some strange words.
The puff of frost misses you.
You barely miss the orc wizard.
The orc wizard gestures at you while chanting.
The puff of flame hits you! The orc wizard barely misses you.
You take 6 damage, and have 10/30 hp.
You hit the orc wizard but do no damage.
The orc wizard hits you with a +0 dagger.
* * * LOW HITPOINT WARNING * * *
The orc wizard completely misses you.
You take 3 damage, and have 7/30 hp.
You hit the orc wizard.
The orc wizard hits you with a +0 dagger.
* * * LOW HITPOINT WARNING * * *
The orc wizard hits you with a +0 dagger.
* * * LOW HITPOINT WARNING * * *
You take 4 damage, and have 3/30 hp.
Unknown command.
You barely miss the orc wizard. The orc wizard barely misses you.
The orc wizard hits you but does no damage.
You miss the orc wizard.
The orc wizard hits you but does no damage.
The orc wizard hits you with a +0 dagger.
* * * LOW HITPOINT WARNING * * *
You take 1 damage, and have 3/30 hp.
You hit the orc wizard.
The orc wizard hits you with a +0 dagger.
* * * LOW HITPOINT WARNING * * *
The orc wizard casts a spell.
The orc wizard flickers and vanishes!
Deactivating autopickup; reactivate with Ctrl-A.
You take 2 damage, and have 1/30 hp.
It was a potion of flight.
You feel very buoyant.
You fly up into the air.
You hear some strange, mumbled words.
A magic dart appears from out of thin air!
The magic dart hits you.
You die...

#.........#..†....
#.###.###...###.##
#.# #......## #.#
#.# ###.....# #.#
#.# #.###.# #.#
#.# #.# .....# #.#
#.# .###.# #.# #..
.# #.. #@# ### ##
#{# #o# #.# #.#
#.. ###


You could see an orc.

Vanquished Creatures
  A gnoll (D:2)
  2 adders (D:2)
  A worm (D:2)
  4 dart slugs
  2 orcs (D:3)
  4 ball pythons
  A bat (D:1)
  A bat zombie (D:1)
  9 goblins
  5 hobgoblins
  3 jackals (D:2)
  5 kobolds
  2 frilled lizards
  A leopard gecko zombie (D:1)
  11 rats
  A fungus (D:2)
  A plant (D:2)
54 creatures vanquished.

Vanquished Creatures (collateral kills)
  A gnoll (D:2)
  A bat (D:1)
  A goblin (D:2)
  A hobgoblin (D:1)
4 creatures vanquished.

Grand Total: 58 creatures vanquished

Notes
Turn   | Place    | Note
-------+----------+-------------------------------------------
     0 | D:1      | mhoghedin the Kobold Summoner began the quest for the Orb.
     0 | D:1      | Reached XP level 1. HP: 10/10 MP: 3/3
    98 | D:1      | Reached skill level 1 in Fighting
   217 | D:1      | Reached XP level 2. HP: 16/17 MP: 5/5
   237 | D:1      | Reached skill level 2 in Fighting
   351 | D:1      | Learned a level 2 spell: Call Imp
   460 | D:1      | Reached XP level 3. HP: 22/22 MP: 4/6
   985 | D:2      | Reached skill level 3 in Fighting
  1019 | D:2      | Found a blossoming altar of Fedhas.
  1198 | D:2      | Reached XP level 4. HP: 26/28 MP: 7/7
  1613 | D:2      | HP: 7/29 [gnoll/+1 spear of chaos (4)]
  1622 | D:2      | Reached skill level 4 in Fighting
  1670 | D:2      | Found a shimmering altar of Xom.
  2149 | D:3      | HP: 7/30 [orc wizard/+0 dagger (4)]
  2150 | D:3      | HP: 3/30 [orc wizard/+0 dagger (2)]
  2153 | D:3      | HP: 1/30 [orc wizard/+0 dagger (2)]
  2154 | D:3      | Killed from afar by an orc wizard

Levels and vault maps discovered:
D:1:      saegor_arrival_fortress, layout_basic, chequers_serial_rivers_room_a,
          minmay_tromino_v4_a
D:2:      layout_basic, tgw_xom, fedhas_altar_3, first_ration, fountainhead,
          kennysheep_generic_room_8
D:3:      layout_loops_ring

Skill      XL: |  1  2  3  4 |
---------------+-------------+-----
Fighting       | 1 2 3 4 |  4.3
Axes           | |  0.5
Dodging        | |  2.4
Stealth        | |  2.6
Spellcasting   | |  2.1
Summonings     | |  4.0

Action                   |  1- 3 |  4- 6 || total
-------------------------+-------+-------++-------
Melee: Hand axe          |    94 |    65 ||   159
 Cast: Summon Small Mamm |     2 |       ||     2
       Call Imp          |       |     5 ||     5
  Use: Potion            |       |     1 ||     1
 Stab: Sleeping          |     3 |     5 ||     8
  Eat: Chunk             |     6 |     4 ||    10
Armor: Robe              |    29 |     8 ||    37
Dodge: Dodged            |   105 |    52 ||   157

Table legend:
 A = Non-vault XP
 B = Vault XP
 C = Vault XP percentage of total XP
 D = Non-vault monster count
 E = Vault monster count
 F = Vault count percentage of total count
                 A         B        C        D         E       F
            +---------+---------+-------+---------+---------+-------
      Total |     112 |      26 |  18.8 |      48 |       8 |  14.3
            +---------+---------+-------+---------+---------+-------
        D:1 |      30 |       8 |  21.1 |      17 |       5 |  22.7
        D:2 |      63 |      18 |  22.2 |      20 |       3 |  13.0
        D:3 |      19 |       0 |   0.0 |      11 |       0 |   0.0
            +---------+---------+-------+---------+---------+-------

Levels and vault maps discovered:
D:1:      saegor_arrival_fortress, layout_basic, chequers_serial_rivers_room_a,
          minmay_tromino_v4_a
D:2:      layout_basic, tgw_xom, fedhas_altar_3, first_ration, fountainhead,
          kennysheep_generic_room_8
D:3:      layout_loops_ring

Table legend:
 A = Turns spent in this place as a percentage of turns spent in the entire game.
 B = Non-inter-level travel turns spent in this place as a percentage of non-inter-level travel turns spent in the entire game.
 C = Inter-level travel turns spent in this place as a percentage of turns spent in this place.
 D = Turns resting spent in this place as a percentage of non-inter-level travel turns spent in this place.
 E = Turns spent auto-exploring this place as a percentage of non-inter-level travel turns spent in this place.
 F = Non-inter-level travel turns spent in this place divided by the number of levels of this place that you've seen.
                   A       B       C       D       E      F
               +-------+-------+-------+-------+-------+----------------------
         Total | 100.0 | 100.0 |   2.5 |   8.6 |  67.4 | 700.0
       Dungeon | 100.0 | 100.0 |   2.5 |   8.6 |  67.4 | 700.0
               +-------+-------+-------+-------+-------+----------------------

Table legend:
 A = Kills in this place as a percentage of kills in entire the game.
 B = Kills by you in this place as a percentage of kills by you in the entire game.
 C = Kills by friends in this place as a percentage of kills by friends in the entire game.
 D = Other kills in this place as a percentage of other kills in the entire game.
 E = Experience gained in this place as a percentage of experience gained in the entire game.
 F = Experience gained in this place divided by the number of levels of this place that you have seen.
                   A       B       C       D       E      F
               +-------+-------+-------+-------+-------+----------------------
         Total | 100.0 | 100.0 | 100.0 |   N/A | 100.0 |  46.0
       Dungeon | 100.0 | 100.0 | 100.0 |   N/A | 100.0 |  46.0
               +-------+-------+-------+-------+-------+----------------------
